 Dungeon Crawl Stone Soup version 0.21-a0-404-g291f19a (webtiles) character file.

69 TheDeThijs the Firebug (level 4, 0/27 HPs)
             Began as a Human Fire Elementalist on Oct 28, 2017.
             Succumbed to an adder's poison
             ... on level 2 of the Dungeon.
             The game lasted 00:20:51 (1783 turns).

TheDeThijs the Firebug (Human Fire Elementalist)    Turns: 1783, Time: 00:20:51

Health: 0/27       AC:  4    Str:  8    XL:     4   Next: 42%
Magic:  8/8        EV: 12    Int: 17    God:
Gold:   48         SH:  0    Dex: 13    Spells: 5/8 levels left

rFire    . . .     SeeInvis .   (no weapon)
rCold    . . .     Gourm    .   (no shield)
rNeg     . . .     Faith    .   a - +0 robe
rPois    .         Spirit   .   (no helmet)
rElec    .         Reflect  .   (no cloak)
rCorr    .         Harm     .   m - +1 pair of gloves
MR       .....                  (no boots)
Stlth    ++........             (no amulet)
HPRegen  0.09/turn              (no ring)
MPRegen  0.11/turn              (no ring)

@: lethally poisoned (0 -> -7)
A: talons 1, frail 1, subdued magic 1
a: no special abilities


You were on level 2 of the Dungeon.
You were not hungry.

You visited 1 branch of the dungeon, and saw 2 of its levels.

You collected 48 gold pieces.

Inventory:

Missiles
 g - 13 javelins (quivered)
Armour
 a - a +0 robe (worn)
 m - a +1 pair of gloves (worn)
Scrolls
 h - a scroll of amnesia {unknown}
 i - a scroll of blinking {unknown}
 j - a scroll of remove curse {unknown}
 k - 2 scrolls of teleportation {unknown}
Potions
 e - a potion of agility
Books
 b - a book of Flames

   Spells                             Type                      Level
   a - Flame Tongue                   Conjuration/Fire             1
   b - Throw Flame                    Conjuration/Fire             2
   c - Conjure Flame                  Conjuration/Fire             3
   d - Inner Flame                    Hexes/Fire                   3
   e - Sticky Flame                   Conjuration/Fire             4
   f - Fireball                       Conjuration/Fire             5
Comestibles
 c - 4 bread rations
 d - a royal jelly
 f - 2 meat rations
 l - 2 chunks of flesh


   Skills:
 - Level 0.2 Fighting
 - Level 0.3 Throwing
 - Level 2.0 Dodging
 + Level 2.3 Stealth
 + Level 2.9 Spellcasting
 + Level 1.1 Conjurations
 + Level 3.9 Fire Magic


You had 5 spell levels left.
You knew the following spells:

 Your Spells              Type           Power        Failure   Level  Hunger
a - Flame Tongue          Conj/Fire      #....        4%          1    #......
b - Throw Flame           Conj/Fire      #.....       8%          2    ##.....


Dungeon Overview and Level Annotations

Branches:
Dungeon (2/15)

Altars:

Annotations:
D:2 Terence


Innate Abilities, Weirdness & Mutations

You have sharp toenails.
You are frail. (-10% HP)
Your spells are a little easier to cast, but a little less powerful.


Message History

Confirm with . or Enter, or press ? or * to list all spells.
You don't know that spell.
Unknown command.
You closely miss something. Something hits you but does no damage.
An adder comes into view.
The adder hisses angrily.
Found 3 gold pieces.
The adder closely misses you. The adder bites you.
* * * LOW HITPOINT WARNING * * *
The adder barely misses you.
Terence appears from thin air!
Reactivating autopickup.
You see here 3 gold pieces.
The adder bites you.
* * * LOW HITPOINT WARNING * * *
You are lethally poisoned!
The adder poisons you! The adder bites you.
* * * LOW HITPOINT WARNING * * *
You die...

.. ..# ..# ...#
####### ...#
#$S@..#####...#
##.###.........##
####@#.######......#
#...###.# #.#.....#
#.## ## #.#..#...
#.# #.##.# ## #.#
#.##.# #w# #.##.#
#.# #.##.# # #.#
#.##.#### #.#
#.##.....


You could see Terence and an adder.

Vanquished Creatures
  2 adders (D:2)
  An ooze (D:2)
  A worm (D:2)
  2 dart slugs
  2 leopard geckos
  7 bats
  2 giant cockroaches
  3 goblins
  5 hobgoblins
  3 kobolds
  A quokka (D:2)
  A ball python (D:2)
  5 frilled lizards
  4 rats
39 creatures vanquished.

Notes
Turn   | Place    | Note
-------+----------+-------------------------------------------
     0 | D:1      | TheDeThijs the Human Fire Elementalist began the quest for the Orb.
     0 | D:1      | Reached XP level 1. HP: 13/13 MP: 3/3
   200 | D:1      | Reached XP level 2. HP: 10/19 MP: 0/5
   221 | D:1      | Learned a level 2 spell: Throw Flame
   742 | D:1      | Reached XP level 3. HP: 21/24 MP: 0/6
  1267 | D:2      | Reached XP level 4. HP: 30/30 MP: 2/8
  1443 | D:2      | Gained mutation: Your spells are a little easier to cast, but a little less powerful. [potion of mutation]
  1443 | D:2      | Gained mutation: You are frail. (-10% HP) [potion of mutation]
  1443 | D:2      | Gained mutation: You have sharp toenails. [potion of mutation]
  1499 | D:2      | HP: 1/27 [hobgoblin/club (5)]
  1736 | D:2      | Noticed Terence
  1782 | D:2      | HP: 1/27 [adder (1)]
  1783 | D:2      | Succumbed to an adder's poison

Vault maps used:
D:1:      dpeg_arrival_rhombi, roderic_lattice_a, hangedman_decor_push,
          dk_noncrumbling_3
D:2:      first_bread, minmay_cupped, uniq_terence, uniq_natasha

Action                   |  1- 3 |  4- 6 || total
-------------------------+-------+-------++-------
Melee: Unarmed           |    35 |    27 ||    62
       Kick              |       |     2 ||     2
Throw: Javelin           |    15 |       ||    15
       Stone             |     1 |       ||     1
 Cast: Flame Tongue      |    29 |    19 ||    48
       Throw Flame       |    22 |     6 ||    28
  Use: Potion            |       |     3 ||     3
  Eat: Chunk             |     3 |     2 ||     5
Armor: Robe              |    28 |    27 ||    55
Dodge: Dodged            |    49 |    40 ||    89

Table legend:
 A = Spawn XP
 B = Non-spawn XP
 C = Spawn XP percentage of total XP
 D = Spawn monster count
 E = Non-spawn monster count
 F = Spawn count percentage of total count
 G = Total turns spent on level
                    A         B        C        D         E        F      G
               +---------+---------+-------+---------+---------+-------+---------
         Total |       0 |      99 |   0.0 |       0 |      39 |   0.0 |  1783
               +---------+---------+-------+---------+---------+-------+---------
           D:1 |       0 |      32 |   0.0 |       0 |      18 |   0.0 |   913
           D:2 |       0 |      67 |   0.0 |       0 |      21 |   0.0 |   870
               +---------+---------+-------+---------+---------+-------+---------
